 Dungeon Crawl Stone Soup version 0.20-a0 (console) character file.

119 brucemayne the Chopper (level 4, -2/54 HPs)
             Began as a Demonspawn Berserker on Oct 27, 2016.
             Was a Believer of Trog.
             Slain by Blork the orc
             ... wielding a +0 glaive
              (7 damage)
             ... on level 4 of the Dungeon.
             The game lasted 00:02:51 (724 turns).

brucemayne the Chopper (Demonspawn Berserker)        Turns: 724, Time: 00:02:51

Health: -2/54      AC: 11    Str: 24    XL:     4   Next: 73%
Magic:  4/4        EV:  7    Int:  8    God:    Trog [**....]
Gold:   64         SH:  0    Dex: 12    Spells: 0 memorised, 3 levels left

rFire  . . .     SeeInvis .     a - +0 hand axe
rCold  . . .     Gourm    .     f - +0 plate armour
rNeg   . . .     Faith    .     (no shield)
rPois  .         Spirit   .     (no helmet)
rElec  .         Reflect  .     (no cloak)
rCorr  .         Harm     .     (no gloves)
MR     ++...                    (no boots)
Stlth  ..........               (no amulet)
                                (no ring)
                                (no ring)

@: berserking (expiring), regenerating, very quick
A: rugged brown scales 1
a: Berserk, Trog's Hand, Burn Spellbooks, Renounce Religion


You were on level 4 of the Dungeon.
You worshipped Trog.
Trog was pleased with you.
You were hungry.

You visited 1 branch of the dungeon, and saw 4 of its levels.

You collected 64 gold pieces.

Inventory:

Hand Weapons
 a - a +0 hand axe (weapon)
Missiles
 i - 3 tomahawks (quivered)
Armour
 b - a +0 animal skin
 f - a +0 plate armour (worn)
Scrolls
 e - 2 scrolls of identify {unknown}
 h - 2 scrolls of enchant weapon {unknown}
Comestibles
 c - a bread ration
 d - 2 meat rations
 g - 4 chunks of flesh


   Skills:
 - Level 3.0 Fighting
 + Level 5.0 Axes
 - Level 1.7 Armour
 - Level 1.7 Dodging


You had 3 spell levels left.
You didn't know any spells.

Dungeon Overview and Level Annotations

Branches:
Dungeon (4/15)
 Temple: D:4-7

Altars:
Kikubaaqudgha

Annotations:
D:2 Sigmund
D:4 Blork the orc


Innate Abilities, Weirdness & Mutations

You are partially covered in rugged brown scales. (AC +1, +3% HP)


Message History

The gnoll is almost dead.
You closely miss the gnoll. You hit the gnoll.
Blork the orc closely misses you. The gnoll hits you with a club.
* * * LOW HITPOINT WARNING * * *
Unknown command.
Your plate armour prevents you from hitting the gnoll.
The gnoll is almost dead.
You slash the gnoll! x2
You kill the gnoll!
Trog accepts your kill.
Your Axes skill increases to level 5!
Blork the orc barely misses you. The gnoll hits you with a halberd!
* * * LOW HITPOINT WARNING * * *
Unknown command.
You completely miss the gnoll.
The gnoll is almost dead.
You completely miss the gnoll. The gnoll hits you with a club.
* * * LOW HITPOINT WARNING * * *
Blork the orc hits you from afar with a glaive!
You die...

. ...... ## .##...... ##
# #.. .........##.#.
###..
##............##....
####..............#..#
....................#
#.........##.....#
#....##..# #....#
#..#.....# ##.@).#
##.##.....###.g.g.#
.#...#..##.÷..o....#
.................#..#
#...............###....
#........<#......# ....
...P...............#....
.≈P≈.......#......###...
≈≈≈≈P.............#


You could see Blork the orc and 2 gnolls.

Vanquished Creatures
  A hound (D:4)
  2 gnolls (D:4)
  4 adders
  An ooze (D:3)
  A dart slug (D:3)
  An orc (D:3)
  2 bats
  4 giant cockroaches
  3 goblins (D:3)
  A hobgoblin (D:2)
  A quokka (D:2)
  3 frilled lizards
  5 kobolds
  2 rats
31 creatures vanquished.

Notes
Turn   | Place    | Note
-------+----------+-------------------------------------------
     0 | D:1      | brucemayne the Demonspawn Berserker began the quest for the Orb.
     0 | D:1      | Reached XP level 1. HP: 18/18 MP: 1/1
   102 | D:2      | Noticed Sigmund
   160 | D:1      | Reached skill level 3 in Axes
   301 | D:2      | Gained mutation: You are partially covered in rugged brown scales. (AC +1, +3% HP) [demonic ancestry]
   301 | D:2      | Reached XP level 2. HP: 13/24 MP: 2/2
   310 | D:2      | Found an ancient bone altar of Kikubaaqudgha.
   486 | D:3      | Reached XP level 3. HP: 29/29 MP: 3/3
   509 | D:3      | Reached ** piety under Trog
   539 | D:3      | Reached skill level 4 in Axes
   631 | D:4      | Reached XP level 4. HP: 17/36 MP: 4/4
   693 | D:4      | Noticed Blork the orc
   723 | D:4      | Reached skill level 5 in Axes
   724 | D:4      | Slain by Blork the orc

Vault maps used:
D:1:      dpeg_arrival_three_same_balls, serial_park_tiny_1,
          minmay_misc_feat_square, minivault_25, chequers_big_river
D:2:      old_standard_altar, first_bread, uniq_sigmund
D:3:      overflow_temple_1_default, grunt_ministairs_8
D:4:      serial_bayou, serial_bayou_pond_b, serial_bayou_pond_d,
          serial_bayou_shore_a, serial_bayou_pond_c, ashenzari_altar_1,
          uniq_blork_the_orc

Skill      XL: |  1  2  3  4 |
---------------+-------------+-----
Axes           | 3 4 5 |  5.0
Fighting       | |  3.0
Armour         | |  1.7
Dodging        | |  1.7

Action                   |  1- 3 |  4- 6 || total
-------------------------+-------+-------++-------
Melee: Hand axe          |   117 |    15 ||   132
Invok: Berserk           |     1 |     1 ||     2
       Trog's Hand       |       |     1 ||     1
 Stab: Sleeping          |     1 |       ||     1
  Eat: Chunk             |       |     1 ||     1
Armor: Animal skin       |     8 |       ||     8
       Plate armour      |    62 |    12 ||    74
Dodge: Dodged            |    43 |     9 ||    52
